Map: King Sejong Station LE

Players

Neeb

  • Race: Protoss Protoss

Snute - Winner!

  • Race: Zerg Zerg

Event: WCS Copa Intercontinental

VOD

Have the link to the VOD?

Description

Time

  • Played on: Sept. 11, 2016, 3:16 p.m.
  • Length: 5:26

All games in this series

Show
View Real Time Build Order
Export as new Build Order

Neeb Protoss 

Build Orders: Nexus First 

Get SALT Encoding   

  12  0:00  Probe (Chrono Boost)  
  13  0:11  Probe (Chrono Boost)  
  14  0:17  Pylon  
  14  0:22  Probe (Chrono Boost)  
  15  0:35  Probe (Chrono Boost)  
  16  0:46  Probe (Chrono Boost)  
  17  0:57  Nexus  
  17  1:01  Probe (Chrono Boost)  
  18  1:11  Gateway  
  18  1:14  Probe (Chrono Boost)  
  19  1:21  Assimilator  
  19  1:24  Probe (Chrono Boost)  
  20  1:26  Assimilator  
  20  1:35  Probe (Chrono Boost)  
  21  1:45  Probe (Chrono Boost)  
  22  1:56  Probe (Chrono Boost)  
  22  1:58  Cybernetics Core  
  23  2:09  Probe x2 (Chrono Boost)  
  27  2:18  Pylon  
  27  2:20  Probe x2 (Chrono Boost)  
  29  2:30  Probe (Chrono Boost)  
  29  2:31  Adept  
  29  2:32  Probe (Chrono Boost)  
  31  2:37  Stargate  
  33  2:48  Forge  
  33  2:49  Pylon  
  31  2:52  Mothership Core (Chrono Boost)  
  31  2:54  Adept  
  35  3:00  Pylon  
  35  3:21  Photon Cannon x2  
  35  3:23  Photon Cannon  
  35  3:31  Robotics Facility  
  35  3:33  Pylon  
  35  3:41  Photon Cannon  
  27  4:00  Pylon  
  26  4:15  Robotics Facility  
  24  4:17  Gateway  
  24  4:19  Photon Cannon  
  24  4:31  Photon Cannon  
  24  4:37  Probe (Chrono Boost)  
  25  4:51  Gateway  
  24  4:57  Pylon  
  23  5:05  Pylon  
Show
View Real Time Build Order
Export as new Build Order

Snute Zerg - Winner!

Build Orders: Hatch First 

Get SALT Encoding   

  12  0:00  Drone  
  13  0:12  Overlord  
  13  0:17  Drone  
  14  0:30  Drone x2  
  14  0:34  Drone  
  17  0:54  Hatchery  
  17  0:56  Drone  
  17  1:00  Drone  
  17  1:02  Extractor  
  17  1:16  Spawning Pool  
  16  1:19  Drone  
  16  1:23  Drone  
  18  1:27  Drone  
  19  1:38  Drone  
  20  2:02  Metabolic Boost  
  20  2:06  Queen  
  20  2:07  Spine Crawler  
  21  2:09  Spine Crawler  
  21  2:13  Spine Crawler  
  19  2:18  Zergling x2  
  19  2:19  Zergling x2  
  19  2:22  Zergling x2  
  22  2:25  Zergling x2  
  22  2:28  Zergling x2  
  24  2:34  Overlord  
  24  2:37  Zergling x2  
  24  2:41  Zergling x2  
  26  2:44  Zergling x2  
  26  2:50  Overlord  
  27  2:55  Zergling x2  
  28  3:02  Queen  
  30  3:06  Zergling x2  
  31  3:17  Zergling x2  
  31  3:18  Zergling x4  
  33  3:22  Zergling x2  
  33  3:28  Zergling x2  
  34  3:35  Zergling x2  
  35  3:45  Zergling x4  
  36  3:52  Zergling x2  
  30  3:56  Queen x2  
  30  3:58  Zergling x2  
  30  4:03  Zergling x2  
  31  4:10  Zergling x4  
  31  4:17  Zergling x2  
  31  4:23  Zergling x2  
  32  4:32  Queen  
  32  4:34  Zergling x4  
  32  4:38  Zergling x6  
  35  4:45  Zergling x2  
  35  4:48  Spore Crawler  
  35  4:50  Zergling x4  
  37  4:57  Zergling x2  
  37  4:58  Zergling x2  
  39  5:03  Zergling x2  
  39  5:06  Zergling x2  
Tags
 
Add a new tag
Caveats
  • Supply blocks, unpowered buildings, or Contaminate may cause inaccurate times.
  • Supply counts are checked every 10 seconds.